 Dungeon Crawl Stone Soup version 0.21-a0-150-gc243083 (webtiles) character file.

440 tehllama the Digger (level 7, 0/36 HPs)
             Began as a Gargoyle Earth Elementalist on July 26, 2017.
             Slain by an unseen horror (7 damage)
             ... on level 5 of the Dungeon.
             The game lasted 00:18:38 (3900 turns).

tehllama the Digger (Gargoyle Earth Elementalist)   Turns: 3900, Time: 00:18:38

Health: 0/36       AC:  7    Str: 12    XL:     7   Next: 2%
Magic:  12/13      EV: 12    Int: 17    God:
Gold:   177        SH:  0    Dex: 10    Spells: 6/15 levels left

rFire    + . .     SeeInvis .   f - +0 club
rCold    . . .     Gourm    .   (no shield)
rNeg     + . .     Faith    .   c - +0 robe
rPois    ∞         Spirit   .   (no helmet)
rElec    +         Reflect  .   (no cloak)
rCorr    .         Harm     .   (no gloves)
MR       +....                  (no boots)
Stlth    ++........             (no amulet)
HPRegen  0.52/turn              j - ring of protection from magic
MPRegen  0.13/turn              s - ring of protection from fire

@: no status effects
A: blink, negative energy resistance 1, regeneration 1, shaggy fur 1,
electricity resistance, unbreathing, petrification resistance, rot immunity, AC
+4
a: Blink


You were on level 5 of the Dungeon.
You were not hungry.

You visited 1 branch of the dungeon, and saw 5 of its levels.

You collected 177 gold pieces.

Inventory:

Hand Weapons
 f - a +0 club (weapon)
 p - a +0 morningstar
Missiles
 b - 115 stones (quivered)
Armour
 c - a +0 robe (worn)
Jewellery
 j - a ring of protection from magic (left hand)
 n - a +5 ring of strength
 s - a ring of protection from fire (right hand)
Wands
 m - a wand of flame (21/48)
 y - a wand of flame (39/48)
Scrolls
 i - a scroll of blinking {unknown}
 k - a scroll of amnesia {unknown}
 o - 2 scrolls of recharging {unknown}
 q - 2 scrolls of enchant weapon {unknown}
 t - a scroll of random uselessness {unknown}
 v - 2 scrolls of identify
 w - 3 scrolls of noise {unknown}
Potions
 h - 2 potions of flight
 A - a potion of ambrosia {unknown}
 C - a potion of magic {unknown}
Books
 e - a book of Geomancy

   Spells                             Type                      Level
   a - Sandblast                      Earth                        1
   b - Passwall                       Transmutation/Earth          2
   c - Stone Arrow                    Conjuration/Earth            3
   d - Petrify                        Transmutation/Earth          4
   e - Lee's Rapid Deconstruction     Earth                        5
 u - a book of Maledictions

   Spells                             Type                      Level
   a - Corona                         Hexes                        1
   b - Ensorcelled Hibernation        Hexes/Ice                    2
   c - Confuse                        Hexes                        3
   d - Tukima's Dance                 Hexes                        3
   e - Dazzling Spray                 Conjuration/Hexes            3
 D - a book of Misfortune

   Spells                             Type                      Level
   a - Confusing Touch                Hexes                        1
   b - Confuse                        Hexes                        3
   c - Gell's Gravitas                Translocation                3
   d - Petrify                        Transmutation/Earth          4
   e - Metabolic Englaciation         Hexes/Ice                    5
   f - Yara's Violent Unravelling     Hexes/Transmutation          5
Comestibles
 a - a fruit
 d - 5 bread rations
 g - 2 meat rations
 l - 2 royal jellies
 B - a chunk of flesh


   Skills:
 - Level 1.5 Dodging
 - Level 2.1 Stealth
 + Level 4.5 Spellcasting
 + Level 3.5 Conjurations
   Level 0.7 Transmutations
 + Level 6.0 Earth Magic


You had 6 spell levels left.
You knew the following spells:

 Your Spells              Type           Power        Failure   Level  Hunger
a - Sandblast             Erth           ###...       1%          1    None
b - Stone Arrow           Conj/Erth      ###...       6%          3    ###....
c - Lee's Rapid Deconstr  Erth           ###.......   34%         5    ######.


Dungeon Overview and Level Annotations

Branches:
Dungeon (5/15)
 Temple: D:4-7

Altars:
Dithmenos
Gozag
Nemelex Xobeh
Xom


Innate Abilities, Weirdness & Mutations

You are resistant to torment.
Your stone body is resilient. (AC +4)
You are immune to poison.
You resist negative energy. (rN+)
You are resistant to electric shocks. (rElec)
You can survive without breathing.
You are immune to petrification.
You are immune to rotting.
You can translocate small distances at will.
Your natural rate of healing is unusually fast.
You are covered in fur. (AC +1)


Message History

You feel protected. Something hits you.
* * * LOW HITPOINT WARNING * * *
It was a potion of cancellation.
Your magical effects are unravelling.
You feel magically purged.
Your resistance to elements expires.
Something hits you but does no damage.
Okay, then.
Casting: Stone Arrow
Confirm with . or Enter, or press ? or * to list all spells.
Okay, then.
Casting: Stone Arrow
Confirm with . or Enter, or press ? or * to list all spells.
Aiming: Sandblast
Press: ? - help, Shift-Dir - straight line The blast of sand hits something.
b - 115 stones Something hits you!
You die...

... ... #
###.### .# #
##.....## .
#.#.......#.#
#.#.......#.#
#....._.....#
#.......#
#.#...@...#
#.##..{..##
##.####.####.#
#..........).#
###
#.##.#...#####
....##.##....##
#......#.##
#.#<##.#.#
#........#.#


There were no monsters in sight!

Vanquished Creatures
  The ghost of quoriil the Skirmisher, an amateur DsCK of Xom (D:4)
  A crimson imp (D:4)
  An orc priest (D:3)
  An orc wizard (D:3)
  Natasha (thrice) (D:3 D:4)
  6 adders
  3 worms
  3 dart slugs
  5 leopard geckos
  4 orcs (D:3)
  3 giant cockroaches
  10 goblins
  2 hobgoblins
  3 quokkas
  3 bats (D:1)
  7 frilled lizards
  9 kobolds
  8 rats
73 creatures vanquished.

Notes
Turn   | Place    | Note
-------+----------+-------------------------------------------
     0 | D:1      | tehllama the Gargoyle Earth Elementalist began the quest for the Orb.
     0 | D:1      | Reached XP level 1. HP: 10/10 MP: 3/3
   267 | D:1      | Upgraded the game from 0.21-a0-143-g1ab7d47 to 0.21-a0-150-gc243083
   331 | D:1      | Reached skill level 4 in Earth Magic
   331 | D:1      | Reached XP level 2. HP: 14/15 MP: 5/5
  1392 | D:2      | Reached XP level 3. HP: 19/19 MP: 2/7
  1397 | D:2      | Learned a level 3 spell: Stone Arrow
  1500 | D:2      | Found a shadowy altar of Dithmenos.
  1502 | D:2      | Found a sparkling altar of Nemelex Xobeh.
  2140 | D:3      | Reached XP level 4. HP: 9/24 MP: 5/8
  2373 | D:3      | Found a shimmering altar of Xom.
  2375 | D:3      | Found a shimmering altar of Xom.
  2375 | D:3      | Found a shimmering altar of Xom.
  2376 | D:3      | Found a shimmering altar of Xom.
  2376 | D:3      | Found a shimmering altar of Xom.
  2389 | D:3      | Reached skill level 1 in Conjurations
  2454 | D:3      | Gained mutation: You are covered in fur. (AC +1) [potion of mutation]
  2454 | D:3      | Gained mutation: You can translocate small distances at will. [potion of mutation]
  2454 | D:3      | Gained mutation: Your natural rate of healing is unusually fast. [potion of mutation]
  2455 | D:3      | Reached XP level 5. HP: 8/28 MP: 0/10
  2699 | D:3      | Noticed Natasha
  2706 | D:3      | Killed Natasha
  2706 | D:3      | Reached skill level 5 in Earth Magic
  3185 | D:4      | Noticed Natasha
  3190 | D:4      | Killed Natasha
  3211 | D:4      | Noticed Natasha
  3216 | D:4      | Killed Natasha
  3216 | D:4      | Reached XP level 6. HP: 32/32 MP: 7/12
  3232 | D:4      | Learned a level 5 spell: Lee's Rapid Deconstruction
  3507 | D:4      | Noticed quoriil's ghost (amateur DsCK)
  3520 | D:4      | Killed quoriil's ghost
  3533 | D:4      | Reached skill level 6 in Earth Magic
  3733 | D:4      | Reached XP level 7. HP: 32/36 MP: 9/13
  3879 | D:5      | Entered Level 5 of the Dungeon
  3885 | D:5      | Found an opulent altar of Gozag.
  3900 | D:5      | Slain by an unseen horror

Vault maps used:
D:1:      minmay_arrival_hallway, minivault_14
D:2:      minitemple, minivault_19, minmay_pentomino_r4
D:3:      xom_redecorated, uniq_natasha
D:4:      first_bread
D:5:      old_standard_altar, serial_shops, nicolae_shop_crystal

Skill      XL: |  1  2  3  4  5  6 |
---------------+-------------------+-----
Earth Magic    | 4 5 6 |  6.0
Spellcasting   | 3 4 |  4.5
Conjurations   | 2 3 |  3.5
Dodging        | |  1.5
Stealth        | |  2.1
Transmutations | |  0.7

Action                   |  1- 3 |  4- 6 |  7- 9 || total
-------------------------+-------+-------+-------++-------
Melee: Club              |   103 |   140 |     8 ||   251
       Unarmed           |     9 |       |       ||     9
 Cast: Sandblast         |    25 |    40 |     1 ||    66
       Stone Arrow       |       |       |     1 ||     1
  Use: Scroll            |     3 |       |       ||     3
       Potion            |       |     2 |     3 ||     5
 Stab: Sleeping          |     2 |       |       ||     2
  Eat: Chunk             |     4 |     5 |     1 ||    10
Armor: Robe              |    41 |    71 |     5 ||   117
Dodge: Dodged            |   111 |   115 |     4 ||   230
